Map: Cerulean Fall LE

Players

IlIlIlIlIlIl

  • Race: Terran Terran
  • League: Grandmaster
  • Spawn Location: 1:00

FightingFrog - Winner!

  • Race: Protoss Protoss
  • League: Grandmaster
  • Spawn Location: 7:00

VOD

Have the link to the VOD?

Description

Time

  • Played on: Dec. 22, 2018, 9:41 a.m.
  • Length: 15:12
Show
View Real Time Build Order
Export as new Build Order

IlIlIlIlIlIl Terran 

Build Orders: Liberator Opening 

Get SALT Encoding   

  12  0:03  SCV  
  13  0:15  SCV  
  13  0:19  Supply Depot  
  14  0:27  SCV  
  15  0:30  Refinery  
  15  0:41  SCV  
  16  0:45  Barracks  
  16  0:54  SCV  
  17  1:06  SCV  
  18  1:18  SCV  
  19  1:31  SCV  
  20  1:41  Reaper  
  20  1:43  Orbital Command  
  21  1:51  Command Center  
  21  2:02  Factory  
  22  2:08  SCV  
  22  2:14  Barracks Reactor  
  22  2:18  Refinery  
  22  2:23  Supply Depot  
  22  2:24  SCV  
  23  2:44  SCV  
  24  2:56  SCV  
  25  3:01  Marine x2  
  25  3:02  Hellion, Orbital Command  
  28  3:08  SCV  
  28  3:09  Starport  
  29  3:19  Marine x2  
  31  3:21  SCV  
  31  3:24  Hellion  
  34  3:28  SCV  
  34  3:32  Liberator, Supply Depot  
  34  3:33  SCV  
  36  3:37  Marine x2  
  38  3:44  SCV  
  38  3:45  SCV, Hellion  
  45  3:56  SCV  
  45  3:57  SCV  
  45  3:59  Supply Depot  
  45  4:02  Marine x2  
  49  4:08  Factory Tech Lab  
  49  4:10  Barracks  
  49  4:11  SCV  
  49  4:12  SCV  
  51  4:19  Barracks  
  51  4:23  SCV  
  51  4:24  SCV  
  53  4:26  Supply Depot  
  53  4:31  Cyclone  
  56  4:41  SCV x2  
  58  4:50  Medivac  
  58  4:52  Marine x2  
  62  4:53  SCV x2  
  62  4:58  Supply Depot  
  64  5:00  Supply Depot  
  64  5:02  Barracks Tech Lab  
  64  5:06  SCV  
  65  5:07  SCV  
  65  5:13  Engineering Bay  
  66  5:19  Marine  
  66  5:20  Combat Shield, Stimpack  
  69  5:21  Marauder, Factory Reactor  
  69  5:22  Marine x2, SCV  
  69  5:23  Supply Depot  
  72  5:33  SCV  
  72  5:35  SCV  
  74  5:37  Marauder  
  74  5:39  Marine  
  77  5:45  SCV, Marine  
  77  5:46  Marauder  
  77  5:47  SCV  
  80  5:57  Marine  
  80  5:59  Marauder  
  80  6:00  SCV x2  
  81  6:05  Refinery  
  81  6:11  Supply Depot  
  81  6:12  Marauder, Supply Depot, Widow Mine x2  
  81  6:13  SCV, Marine  
  81  6:17  Marine  
  90  6:18  Starport  
  90  6:19  Terran Infantry Weapons Level 1  
  90  6:20  Marauder  
  94  6:33  Marauder  
  94  6:36  Supply Depot x2  
  94  6:37  Widow Mine x2  
  94  6:38  Marine  
  94  6:39  Marine  
  100  6:43  Barracks  
  100  6:45  Barracks  
  100  6:46  Marauder  
  102  6:52  Command Center  
  102  6:57  Marine x2  
  102  6:58  Marauder, Medivac  
  108  7:03  SCV x2  
  108  7:06  Refinery  
  108  7:07  Marine  
  111  7:24  Marine x2, Marauder  
  102  7:40  Liberator  
  102  7:43  Marine x2, Marauder  
  102  7:44  Barracks Reactor, Barracks Tech Lab  
  93  7:46  Marauder  
  90  7:55  Widow Mine  
  90  7:56  Medivac x2  
  95  7:59  SCV x2  
  95  8:03  Marine  
  95  8:04  Marine, Marauder  
  95  8:05  Marauder  
  103  8:06  Marine  
  104  8:13  SCV x2  
  104  8:14  Terran Infantry Armor Level 1  
  104  8:15  Armory  
  104  8:16  Orbital Command  
  104  8:17  Refinery, Engineering Bay  
  106  8:20  Marine, Refinery  
  106  8:21  Marine x3  
  106  8:25  SCV x2, Marauder  
  114  8:28  Marine, Marauder  
  114  8:29  Liberator x2  
  117  8:38  Marine x2  
  117  8:39  SCV x2  
  121  8:43  SCV  
  121  8:45  Supply Depot  
  121  8:46  Marine  
  129  8:51  SCV x2  
  129  8:55  SCV  
  118  9:03  Marine  
  118  9:04  Marine x2, Marauder x3, SCV x2  
  118  9:07  SCV  
  130  9:16  SCV x2  
  129  9:19  SCV, Liberator  
  129  9:20  Liberator  
  129  9:22  Marine x2  
  130  9:24  Marine x2  
  130  9:25  Liberator, Marauder x2  
  130  9:26  Marauder  
  119  9:37  Widow Mine  
  106  9:40  Marine x2, SCV x2  
  106  9:42  Marine  
  106  9:45  Marine  
  115  9:46  Supply Depot  
  115  9:47  Marauder x2, Terran Infantry Weapons Level 2  
  115  9:49  Marine  
  119  9:58  Marine x2, Widow Mine  
  113  10:00  Marine  
  113  10:02  Marine  
  113  10:05  SCV x3  
  118  10:07  Marauder  
  118  10:08  Liberator, Marauder x2  
  124  10:16  Marine  
  124  10:19  Medivac  
  124  10:20  Marine x2  
  124  10:21  Medivac  
  127  10:26  SCV  
  131  10:35  Marine x2, Marauder x2  
  136  10:36  Marauder  
  136  10:38  Marine x2  
  136  10:39  Supply Depot x2  
  136  10:41  Terran Infantry Armor Level 2  
  141  10:48  SCV  
  141  10:49  SCV  
  143  10:52  Liberator  
  143  10:53  Marine x2  
  152  10:57  Marine x2, Marauder x3  
  152  11:01  Supply Depot  
  152  11:02  Supply Depot  
  153  11:06  Terran Ship Weapons Level 1  
  153  11:08  Viking  
  153  11:09  Viking  
  157  11:12  Marine x2  
  163  11:18  Marauder x2  
  163  11:21  Marine x2, Marauder  
  165  11:29  SCV  
  165  11:30  SCV x2, Marine x2  
  170  11:39  Marauder  
  170  11:40  Marine x2, Marauder  
  170  11:41  Viking x2  
  170  11:42  Marine  
  170  11:46  Supply Depot x2  
  174  11:49  Marine x2  
  170  11:57  Marine  
  170  11:58  Marine  
  170  12:01  Marauder x3  
  178  12:04  SCV x2  
  178  12:05  SCV  
  181  12:14  Marine  
  181  12:15  Marine  
  163  12:22  Marauder x3  
  168  12:23  Viking  
  168  12:24  Marine x2  
  131  12:40  Marine x2  
  131  12:42  Marine x2  
  131  12:43  Marauder  
  131  12:44  Marauder x2  
  135  12:55  Concussive Shells  
  135  12:58  Marine x2  
  136  12:59  Marine  
  136  13:01  Marine  
  136  13:05  Marine, Marauder x2  
  144  13:07  Medivac  
  144  13:08  Medivac  
  144  13:10  Medivac  
  150  13:16  Marine  
  146  13:23  Marauder  
  146  13:24  Marine  
  146  13:25  Marine x2  
  146  13:26  Marauder x2  
  153  13:33  Marine  
  154  13:42  Marine x2  
  154  13:43  Marine  
  154  13:44  Marauder  
  154  13:47  Marauder  
  139  13:58  Marine, Marauder  
  139  14:00  Marine  
  123  14:06  Marauder  
  123  14:08  Marine x2  
  123  14:09  Marauder  
  123  14:12  Liberator x2  
  123  14:15  Marine  
  118  14:19  Marauder  
  103  14:27  Marine x2, Marauder  
  103  14:28  Marine  
  103  14:30  Marauder  
  116  14:33  Marine  
  116  14:41  Marauder  
  116  14:45  Marine  
  104  14:48  Marauder  
Show
View Real Time Build Order
Export as new Build Order

FightingFrog Protoss - Winner!

Build Orders: 1 Gate Expand, Phoenix Opening, Blink Stalkers 

Get SALT Encoding   

  12  0:00  Probe  
  13  0:12  Probe  
  14  0:17  Pylon  
  14  0:24  Probe  
  15  0:35  Probe  
  15  0:37  Gateway  
  16  0:43  Probe, Assimilator  
  17  0:51  Probe  
  18  1:03  Probe  
  19  1:15  Probe  
  20  1:27  Nexus  
  20  1:28  Probe  
  21  1:37  Cybernetics Core  
  21  1:39  Probe  
  20  1:45  Assimilator  
  21  1:47  Probe  
  22  1:54  Pylon  
  22  1:55  Probe  
  23  2:05  Adept  
  23  2:12  Probe  
  23  2:14  Warp Gate  
  26  2:24  Probe  
  26  2:26  Twilight Council  
  27  2:34  Adept  
  27  2:36  Probe  
  30  2:41  Probe  
  31  2:44  Blink  
  31  2:48  Probe  
  31  2:53  Probe  
  32  3:00  Probe  
  33  3:05  Probe  
  35  3:12  Probe  
  35  3:15  Sentry  
  35  3:17  Probe  
  38  3:20  Pylon  
  38  3:24  Probe, Gateway  
  39  3:30  Probe  
  40  3:37  Probe  
  40  3:41  Stalker  
  43  3:42  Probe  
  44  3:49  Probe  
  44  3:50  Nexus  
  44  3:54  Probe  
  46  3:58  Phoenix  
  46  4:01  Probe, Gateway  
  47  4:07  Pylon  
  47  4:10  Probe, Gateway  
  47  4:14  Probe  
  49  4:21  Stalker, Pylon  
  49  4:23  Probe  
  52  4:25  Stalker  
  52  4:28  Assimilator  
  52  4:30  Assimilator  
  54  4:32  Probe  
  54  4:35  Probe  
  56  4:43  Robotics Facility  
  56  4:44  Probe  
  57  4:47  Probe  
  57  4:52  Stalker  
  60  4:53  Sentry  
  60  4:56  Probe  
  60  4:59  Probe  
  64  5:00  Sentry  
  64  5:03  Forge  
  64  5:06  Charge  
  66  5:08  Probe x2  
  66  5:11  Probe  
  69  5:18  Pylon  
  69  5:20  Probe x2  
  71  5:23  Probe  
  71  5:26  Pylon  
  72  5:29  Stalker  
  72  5:32  Probe x2  
  72  5:35  Probe  
  74  5:44  Protoss Ground Armor Level 1  
  74  5:45  Probe x2  
  74  5:47  Probe  
  75  5:53  Zealot  
  75  5:54  Stalker  
  75  5:55  Stalker  
  75  5:57  Probe x2  
  83  5:59  Probe  
  83  6:00  Observer  
  80  6:09  Probe x2  
  80  6:10  Phoenix  
  83  6:11  Probe  
  83  6:12  Robotics Facility  
  83  6:15  Sentry, Zealot, Assimilator  
  88  6:18  Immortal  
  88  6:21  Probe x2  
  88  6:24  Probe  
  95  6:32  Pylon  
  95  6:33  Pylon, Probe, Zealot x2  
  95  6:36  Probe  
  95  6:38  Pylon  
  101  6:42  Gateway  
  101  6:43  Gateway  
  101  6:45  Pylon  
  101  6:50  Probe x2  
  101  6:52  Immortal  
  101  6:54  Zealot x3  
  105  6:55  Sentry  
  105  6:57  Immortal  
  119  7:14  Pylon  
  119  7:15  Zealot  
  119  7:17  Sentry x2, Pylon  
  119  7:19  Zealot  
  122  7:30  Protoss Ground Armor Level 2  
  122  7:36  Probe  
  109  7:40  Zealot x5  
  109  7:41  Zealot  
  109  7:43  Observer x2  
  119  7:45  Probe  
  119  7:47  Robotics Bay  
  102  7:58  Probe  
  103  8:04  Stalker x2, Observer  
  108  8:06  Observer  
  108  8:08  Zealot  
  108  8:09  Zealot x3  
  115  8:13  Probe  
  115  8:14  Probe  
  115  8:19  Observer  
  117  8:21  Forge  
  117  8:23  Nexus, Observer  
  117  8:25  Observer  
  118  8:31  Pylon  
  119  8:36  Colossus  
  119  8:38  Colossus  
  119  8:40  Zealot x2  
  135  8:48  Zealot x3  
  135  8:49  Zealot  
  141  9:02  Stalker x2  
  136  9:07  Zealot  
  136  9:08  Probe  
  138  9:10  Probe  
  138  9:12  Probe  
  138  9:14  Zealot x2  
  137  9:18  Zealot  
  137  9:20  Probe  
  137  9:21  Colossus  
  137  9:22  Probe  
  125  9:26  Observer  
  125  9:27  Observer  
  125  9:28  Observer  
  125  9:29  Stalker x2  
  120  9:37  Probe x2  
  114  9:42  Probe  
  115  9:50  Extended Thermal Lance  
  115  9:51  Probe  
  116  9:53  Protoss Ground Weapons Level 1, Probe  
  116  9:58  Warp Prism  
  113  10:06  Pylon  
  113  10:13  Colossus  
  113  10:14  Probe  
  113  10:18  Probe  
  121  10:23  Probe  
  121  10:25  Probe x2  
  121  10:26  Probe, Assimilator  
  124  10:35  Disruptor  
  128  10:37  Sentry, Probe x2  
  128  10:38  Zealot x2  
  135  10:43  Stalker  
  135  10:45  Stalker  
  138  10:52  Observer  
  138  10:53  Stalker  
  138  10:55  Probe  
  139  10:58  Probe  
  140  11:04  Probe x2  
  140  11:07  Stalker x3, Probe  
  140  11:09  Protoss Ground Armor Level 3  
  140  11:10  Probe  
  150  11:16  Stalker, Probe  
  150  11:17  Stalker  
  155  11:19  Disruptor  
  155  11:21  Probe  
  155  11:23  Probe  
  160  11:31  Stalker x2  
  160  11:33  Probe  
  160  11:38  Protoss Ground Weapons Level 2  
  160  11:39  Probe x3  
  155  11:45  Probe  
  156  11:51  Probe x2  
  158  11:58  Assimilator  
  158  12:06  Assimilator  
  158  12:07  Zealot x3  
  164  12:10  Pylon  
  164  12:11  Pylon  
  164  12:13  Pylon  
  164  12:14  Pylon  
  157  12:16  Pylon  
  157  12:18  Stalker x3  
  157  12:20  Probe  
  159  12:23  Probe  
  159  12:24  Probe, Colossus  
  159  12:28  Colossus  
  159  12:29  Probe  
  151  12:59  Stalker x3  
  151  13:00  Zealot x3  
  163  13:12  Gateway  
  163  13:13  Warp Prism, Gateway  
  159  13:22  Zealot x4  
  159  13:23  Zealot x2  
  159  13:25  Disruptor  
  174  13:30  Templar Archives  
  174  13:37  Probe x2  
  176  13:54  Colossus  
  152  14:01  Disruptor  
  139  14:05  Stalker x6  
  150  14:16  Probe  
  135  14:22  Zealot x2  
  130  14:30  Stalker x3  
  130  14:31  Stalker x2  
  130  14:33  Zealot  
  130  14:34  Probe  
  135  14:45  Zealot x2  
  135  14:46  Probe  
  135  14:50  Probe  
  139  14:53  Zealot  
  139  14:54  Zealot x3  
  143  15:05  Zealot x3  
Tags
 
Add a new tag
Caveats
  • Supply blocks, unpowered buildings, or Contaminate may cause inaccurate times.
  • Supply counts are checked every 10 seconds.